AoeStats
← 江 小田

Arena

509567214Analyzed
1v1 RM · 3d ago on Sep 27, 2026· 42m 20s· 2 players
Game mode
Random Map
Map size
Tiny (2 player)
Population
200
Speed
Normal
Resources
Standard
Victory
Conquest
Starting age
Dark Age
Ending age
Imperial Age
RankedLock teamsTeams togetherTeam positionsShared explorationLock speedFull tech treeHidden civsTurbo modeCheats
Victory
Defeat
🇨🇳 Persians · China
920
+14
🇳🇱 Burmese · Netherlands
875
-14
江 小田
3:04 Loom
11:24 Feudal Age
15:26 Castle Age
13:58 Horse Collar
14:22 Double-Bit Axe
15:00 Gold Mining
16:43 Bow Saw
26:06 Imperial Age
24:12 Wheelbarrow
24:16 Stone Mining
28:41 Hand Cart
30:11 Two-Man Saw
30:12 Heavy Plow
32:29 Cavalier
33:10 Husbandry
33:21 Bloodlines
34:30 Conscription
34:48 Savar
36:16 Crop Rotation
37:40 Scale Barding Armor
37:46 Forging
37:27 Fletching
38:52 Chain Barding Armor
39:44 Kamandaran
40:12 Ballistics
40:53 Chemistry
40:14 Thumb Ring
39:30 Crossbowman
Mister Mac
11:27 Feudal Age
11:22 Loom
15:51 Castle Age
18:08 Forging
19:28 Iron Casting
19:07 Husbandry
20:37 Husbandry
22:34 Bloodlines
26:50 Pikeman
27:53 Squires
28:54 Elite Skirmisher
29:31 Fletching
29:42 Scale Mail Armor
31:11 Bodkin Arrow
32:12 Padded Archer Armor
36:32 Imperial Age
34:49 Gold Mining
35:51 Wheelbarrow
35:21 Horse Collar
37:20 Ballistics
38:36 Chemistry
37:04 Halberdier
Connection lost

Rejoining the realm…

Still unreachable

The connection could not be restored.

Session expired

The server has moved on; the page needs a fresh start.